 Dungeon Crawl Stone Soup version 0.18.1-2-ga659475 (webtiles) character file.

9424 Chiseanne the Fighter (level 11, -10/101 HPs)
             Began as a Ghoul Earth Elementalist on May 8, 2016.
             Was a High Priest of Okawaru.
             Mangled by a hill giant
             ... wielding a +0 giant club
              (30 damage)
             ... on level 11 of the Dungeon.
             The game lasted 00:33:44 (8825 turns).

Chiseanne the Fighter (Ghoul Earth Elementalist)    Turns: 8825, Time: 00:33:44

Health: -10/101    AC: 21    Str: 13    XL:     11   Next: 46%
Magic:  15/15      EV: 11    Int: 13    God:    Okawaru [*****.]
Gold:   65         SH:  0    Dex: 18    Spells: 1 memorised, 10 levels left

rFire  + . .     SeeInvis +     s - +1 hand axe (elec)
rCold  + . .     Gourm    .     X - +3 chain mail {rF+}
rNeg   + + +     Faith    +     (no shield)
rPois  ∞         Spirit   .     n - +1 helmet
rElec  .         Dismiss  .     G - +0 cloak of the Six Beggars {rN+ Int+3 Dex+4}
rCorr  .         Reflect  .     (no gloves)
SustAt .         Harm     .     t - +1 pair of boots
MR     .....                    Y - amulet of faith
Stlth  +.........               Q - +2 ring of dexterity
                                g - ring of see invisible

@: heroism, rotting, not resistant to hostile enchantments, very unstealthy
A: rotting body, claws 1, carnivore 3, cold resistance 1, negative energy
resistance 3, slow regeneration 1, torment resistance, unbreathing
a: Heroism, Finesse, Renounce Religion


You were on level 11 of the Dungeon.
You worshipped Okawaru.
Okawaru was extremely pleased with you.
You were hungry.

You visited 1 branch of the dungeon, and saw 11 of its levels.
You also visited: Labyrinth.

You collected 569 gold pieces.
You spent 504 gold pieces at shops.

Inventory:

Hand Weapons
 a - the +7 mace of the Salmon {crush, Str+4}
   (You found it in a labyrinth)

   It inflicts extra damage upon your enemies.
   It affects your strength (+4).
 d - a +0 lajatang of protection
 e - a +4 hunting sling of flaming
 f - the +8 lajatang of Responsibility {slice, rElec}
   (You found it in a labyrinth)

   It inflicts extra damage upon your enemies.
   It insulates you from electricity.
 s - a +1 hand axe of electrocution (weapon)
 M - a +0 blowgun
Missiles
 b - 393 stones
 h - 78 poisoned needles
 r - 2 needles of confusion
 u - 126 sling bullets
 x - 5 javelins (quivered)
 z - 7 needles of frenzy
 E - a throwing net
 I - 123 bolts
 V - 235 arrows
Armour
 n - a +1 helmet (worn)
 t - a +1 pair of boots (worn)
 G - the +0 cloak of the Six Beggars (worn) {rN+ Int+3 Dex+4}
   (You bought it in a shop on level 6 of the Dungeon)

   It affects your intelligence (+3).
   It affects your dexterity (+4).
   It protects you from negative energy.
 O - a troll hide
 P - a +0 shield
 X - a +3 chain mail of fire resistance (worn)
 Z - a +0 large shield of poison resistance
Magical Staves
 l - an uncursed staff of conjuration {unknown}
 J - an uncursed staff of poison {unknown}
Jewellery
 g - a ring of see invisible (left claw)
 C - an uncursed ring of protection from cold
 Q - a +2 ring of dexterity (right claw)
 Y - an amulet of faith (around neck)
Wands
 k - a wand of paralysis (18/24)
 R - a wand of acid (5/15)
 S - a wand of enslavement (0/24)
 W - a wand of acid (8/15)
Scrolls
 o - 2 scrolls of magic mapping
 p - 7 scrolls of recharging
 w - 5 scrolls of remove curse
 B - 4 scrolls of amnesia
 F - a scroll of immolation
 N - 3 scrolls of fog
Potions
 q - 5 potions of curing
 A - 2 potions of ambrosia
 T - a potion of resistance
Books
 c - a book of Geomancy

   Spells                             Type                      Level
   a - Sandblast                      Earth                        1
   b - Passwall                       Transmutation/Earth          2
   c - Stone Arrow                    Conjuration/Earth            3
   d - Petrify                        Transmutation/Earth          4
   e - Lee's Rapid Deconstruction     Earth                        5
 v - a book of Flames

   Spells                             Type                      Level
   a - Flame Tongue                   Conjuration/Fire             1
   b - Throw Flame                    Conjuration/Fire             2
   c - Conjure Flame                  Conjuration/Fire             3
   d - Inner Flame                    Hexes/Fire                   3
   e - Sticky Flame                   Conjuration/Fire             4
   f - Fireball                       Conjuration/Fire             5
 D - a book of Misfortune

   Spells                             Type                      Level
   a - Confusing Touch                Hexes                        2
   b - Confuse                        Hexes                        3
   c - Gell's Gravitas                Hexes/Translocation          3
   d - Petrify                        Transmutation/Earth          4
   e - Metabolic Englaciation         Hexes/Ice                    5
   f - Yara's Violent Unravelling     Hexes/Transmutation          5
 H - a book of Envenomations

   Spells                             Type                      Level
   a - Spider Form                    Transmutation/Poison         3
   b - Olgreb's Toxic Radiance        Poison                       4
   c - Alistair's Intoxication        Transmutation/Poison         5
   d - Poisonous Cloud                Conjuration/Poison/Air       6
 U - a book of Air

   Spells                             Type                      Level
   a - Shock                          Conjuration/Air              1
   b - Swiftness                      Charms/Air                   2
   c - Repel Missiles                 Charms/Air                   2
   d - Static Discharge               Conjuration/Air              3
   e - Lightning Bolt                 Conjuration/Air              5
Miscellaneous
 i - a plain deck of changes {drawn: 2}
Comestibles
 j - 2 royal jellies
 m - 3 slices of pizza
 K - 7 meat rations
 L - 2 chunks of flesh


   Skills:
 * Level 10.6(15.6) Fighting
 * Level 9.0(14.0) Axes
 - Level 5.3(10.3) Armour
 - Level 5.6(10.6) Dodging
 - Level 2.1(7.1) Stealth
 - Level 1.7 Spellcasting
   Level 0.8 Transmutations
   Level 3.2 Earth Magic
 * Level 7.6 Invocations


You had 10 spell levels left.
You knew the following spells:

 Your Spells              Type           Power        Failure   Level  Hunger
a - Confuse               Hex            #.......     100%        3    ####...


Dungeon Overview and Level Annotations

Branches:
Dungeon (11/15)              Lair (0/8) D:11
 Temple: D:4-7          Orc: D:9-12

Altars:
Ashenzari
Elyvilon
Fedhas
Gozag
Kikubaaqudgha
Nemelex Xobeh
Okawaru
Qazlal
Ru
Sif Muna
Trog
Xom
The Shining One

Shops:
D:6 [:?}(


Innate Abilities, Weirdness & Mutations

Your body is rotting away.
You thrive on raw meat.
You are immune to poison.
You have sharp fingernails.
You are carnivorous and can eat meat at any time.
Your flesh is cold resistant.
You are immune to negative energy.
You regenerate slowly when monsters are visible.
You are immune to unholy pain and torment.
You can survive without breathing.


Message History

You barely miss the hill giant.
The hill giant is heavily wounded.
The hill giant hits you with a giant club!
* * * LOW HITPOINT WARNING * * *
There is a stone staircase leading up here.
Read which item? (? for menu, Esc to quit)
Okay, then.
Drink which item? (? for menu, Esc to quit)
Okay, then.
Drink which item? (? for menu, Esc to quit)
Okay, then.
Evoke which item? (* to show all) (? for menu, Esc to quit)
You draw a card...
It is the Shadow.
This is a plain deck of changes {drawn: 2}.
You feel stealthy.
You feel less stealthy.
The hill giant hits you with a giant club!
* * * LOW HITPOINT WARNING * * *
The hill giant hits you with a giant club!!
You die...

*****,,...##**+,,,,,,,,,,,,,,,,*
,**,,,,.....#*********,,,,,,,,,*
**,,,,,......#* *,,,,,,,,,*
,,,,,,,.......## *****,*****
,,,,,,,>......)# *,*
*,,,,,,.......[## *,*
**,,,,,......#).## *,*
**,,,,.....*##C<# *,*
***,,...#** ##@# ######+#### ***
***.########'####.........#
,,****,,,.........#.'.........#
,,+,**,,,.........'.#.........#
,,*,,+,,,.........###.........#
,,****,,,.........# #.........#
,,* ***+########## #.........#
*** *,* ###'####### *,** #..##


You could see a hill giant.

Vanquished Creatures
  A minotaur (Lab)
  A centaur warrior (D:8)
  2 unseen horrors
  The ghost of lightmor the Thaumaturge, a novice DEFE of Vehumet (D:5)
  Pikel (D:4)
  An ugly thing (D:11)
  A minotaur zombie (Lab)
  2 trolls (D:9)
  Prince Ribbit (D:6)
  A two-headed ogre (D:8)
  A wyvern (D:11)
  2 steam dragons (D:8)
  3 wargs (D:11)
  An orc warrior (D:9)
  2 ice beasts
  2 sky beasts
  A slave (D:5)
  A black bear (D:9)
  3 necrophages (D:9)
  An eye of draining (D:9)
  5 ogres
  3 centaurs
  A big kobold (D:7)
  7 giant frogs
  2 scorpions
  4 killer bees (D:8)
  A howler monkey (D:6)
  A spriggan skeleton (Lab)
  4 crimson imps
  2 giant frog zombies
  2 centaur zombies (D:9)
  2 giant frog skeletons
  2 quasits
  A centaur skeleton (Lab)
  2 hounds
  6 orc priests
  4 orc wizards
  A jelly (D:9)
  Jessica (D:3)
  4 iguanas
  11 worker ants
  A killer bee zombie (D:6)
  A hound zombie (D:8)
  A hound skeleton (D:9)
  3 worker ant zombies
  4 gnolls
  5 adders
  A shadow imp (D:5)
  3 oozes
  2 adder zombies (D:9)
  An adder skeleton (D:4)
  4 worms
  5 giant geckos
  18 orcs
  7 bats
  6 giant cockroaches
  12 goblins
  5 hobgoblins
  16 jackals
  10 kobolds
  4 quokkas
  5 ball pythons
  A giant gecko skeleton (D:9)
  2 giant gecko zombies (D:5)
  5 giant newts
  A jackal skeleton (D:4)
  13 rats
  4 bushes (D:9)
  A fungus (D:8)
  4 plants (D:9)
240 creatures vanquished.

Vanquished Creatures (others)
  An adder (D:3)
  An orc (D:5)
  A fungus (D:8)
3 creatures vanquished.

Grand Total: 243 creatures vanquished

Notes
Turn   | Place    | Note
--------------------------------------------------------------
     0 | D:1      | Chiseanne the Ghoul Earth Elementalist began the quest for the Orb.
     0 | D:1      | Reached XP level 1. HP: 14/14 MP: 2/2
   267 | D:1      | Reached skill level 1 in Fighting
   267 | D:1      | Reached XP level 2. HP: 23/23 MP: 3/3
   309 | D:1      | Reached skill level 1 in Axes
   481 | D:1      | HP: 1/23 [rat (2)]
   703 | D:2      | Reached XP level 3. HP: 26/29 MP: 4/4
   755 | D:2      | Found a faded altar to an unknown god.
   831 | D:2      | Reached skill level 2 in Fighting
   866 | D:2      | Found a shattered altar of Ashenzari.
  1102 | D:2      | Reached XP level 4. HP: 28/37 MP: 5/5
  1285 | D:2      | Found a sparkling altar of Nemelex Xobeh.
  1466 | D:3      | Reached skill level 3 in Fighting
  1601 | D:3      | Noticed Jessica
  1610 | D:3      | Killed Jessica
  1610 | D:3      | Reached XP level 5. HP: 45/45 MP: 6/6
  1782 | D:3      | Found an ancient bone altar of Kikubaaqudgha.
  2261 | D:4      | Learned a level 3 spell: Confuse
  2395 | D:4      | Found an opulent altar of Gozag.
  2525 | D:4      | Reached skill level 4 in Fighting
  2696 | D:4      | Reached XP level 6. HP: 52/52 MP: 7/7
  2897 | D:4      | Reached skill level 1 in Armour
  2945 | D:5      | Entered Level 5 of the Dungeon
  2947 | D:5      | Noticed an ice beast
  2966 | D:5      | Killed an ice beast
  2997 | D:5      | Reached XP level 7. HP: 51/59 MP: 8/8
  3011 | D:5      | Found a white marble altar of Elyvilon.
  3027 | D:5      | Noticed Pikel
  3084 | D:4      | Killed Pikel
  3084 | D:4      | Reached skill level 5 in Fighting
  3084 | D:4      | Reached XP level 8. HP: 31/70 MP: 9/9
  3219 | D:5      | Found an iron altar of Okawaru.
  3236 | D:5      | Became a worshipper of Warmaster Okawaru
  3403 | D:5      | You fall through a shaft for 3 floors!
  3427 | D:8      | Noticed a centaur warrior
  3438 | D:8      | Reached skill level 6 in Fighting
  3442 | D:8      | Killed a centaur warrior
  3442 | D:8      | Reached * piety under Okawaru
  3442 | D:8      | Reached skill level 5 in Axes
  3442 | D:8      | Reached XP level 9. HP: 32/78 MP: 10/10
  3499 | D:8      | Reached ** piety under Okawaru
  3499 | D:8      | Reached skill level 7 in Fighting
  3652 | D:8      | Noticed a two-headed ogre
  3664 | D:8      | Killed a two-headed ogre
  3664 | D:8      | Reached skill level 5 in Dodging
  3697 | D:8      | Reached skill level 5 in Armour
  3744 | D:8      | Found a deep blue altar of Sif Muna.
  3788 | D:8      | Reached *** piety under Okawaru
  3798 | D:8      | Found a glowing golden altar of the Shining One.
  4052 | D:5      | Noticed lightmor's ghost (novice DEFE)
  4233 | D:6      | Found a shimmering altar of Xom.
  4313 | D:6      | Found Rayh's Antique Armour Emporium.
  4327 | D:6      | Bought an ancient cloak for 247 gold pieces
  4340 | D:6      | Identified the cursed +0 cloak of the Six Beggars {rN+ Int+3 Dex+4} (You bought it in a shop on level 6 of the Dungeon)
  4420 | D:6      | Found a stormy altar of Qazlal.
  4420 | D:6      | Found Deisif's Book Boutique.
  4432 | D:6      | Found Xomilet's Magic Scroll Shop.
  4433 | D:6      | Noticed Prince Ribbit
  4456 | D:6      | Bought a scroll of fear for 49 gold pieces
  4528 | D:6      | Reached skill level 1 in Invocations
  4639 | D:6      | Noticed a moth of wrath
  4643 | D:6      | Found a bloodstained altar of Trog.
  4728 | D:6      | Reached skill level 8 in Fighting
  4736 | D:6      | Found Wizun's Gadget Emporium.
  4836 | D:6      | Killed Prince Ribbit
  4836 | D:6      | Reached XP level 10. HP: 88/88 MP: 8/11
  5045 | D:6      | Found Ufonocem's Antique Weapon Shop.
  5167 | D:5      | Killed lightmor's ghost
  5167 | D:5      | Reached **** piety under Okawaru
  5864 | D:7      | Found a sacrificial altar of Ru.
  5996 | D:8      | Reached skill level 9 in Fighting
  6617 | D:9      | Reached skill level 5 in Invocations
  6690 | D:9      | Found a blossoming altar of Fedhas.
  6953 | D:6      | Bought a jewelled hand axe for 208 gold pieces
  6953 | D:6      | Identified the +3 hand axe of Ratiupar {holy, *Confuse +Blink rElec MP+9} (You bought it in a shop on level 6 of the Dungeon)
  7786 | D:10     | Entered Level 10 of the Dungeon
  7808 | D:10     | Noticed an unseen horror
  7835 | D:10     | Killed an unseen horror
  7835 | D:10     | Reached ***** piety under Okawaru
  7835 | D:10     | Reached skill level 10 in Fighting
  7835 | D:10     | Reached XP level 11. HP: 75/98 MP: 14/14
  7989 | D:10     | You fall through a shaft!
  8003 | D:11     | Found a labyrinth entrance.
  8020 | Lab      | Entered a labyrinth
  8069 | Lab      | Noticed an unseen horror
  8110 | Lab      | Killed an unseen horror
  8110 | Lab      | Received a gift from Okawaru
  8115 | Lab      | Got a tattered robe
  8250 | Lab      | Identified the +0 robe "Tajui" {rN+} (You found it in a labyrinth)
  8285 | Lab      | Noticed a minotaur
  8315 | Lab      | Killed a minotaur
  8336 | Lab      | Got an encrusted rapier
  8336 | Lab      | Got a faintly glowing mace
  8336 | Lab      | Got a translucent lajatang
  8369 | Lab      | Identified the +8 lajatang of Responsibility {slice, rElec} (You found it in a labyrinth)
  8371 | Lab      | Identified the +10 rapier "Pyczaish" {pierce, MP+9} (You found it in a labyrinth)
  8372 | Lab      | Identified the +7 mace of the Salmon {crush, Str+4} (You found it in a labyrinth)
  8649 | D:11     | Noticed a purple ugly thing
  8661 | D:11     | Killed a purple ugly thing
  8793 | D:11     | Noticed a hill giant
  8815 | D:11     | Found a staircase to the Lair.
  8825 | D:11     | Mangled by a hill giant

Skill      XL: |  1  2  3  4  5  6  7  8  9 10 11 |
---------------+----------------------------------+-----
Fighting       | 1 2 3 4 5 6 8 10 | 10.6
Axes           | 1 2 3 4 5 6 8 9 |  9.0
Armour         | 1 3 4 5 |  5.3
Dodging        | 2 3 4 5 |  5.6
Invocations    | 2 6 7 |  7.6
Stealth        | |  2.1
Spellcasting   | |  1.7
Transmutations | |  0.8
Earth Magic    | |  3.2

Action                   |  1- 3 |  4- 6 |  7- 9 | 10-12 || total
-------------------------+-------+-------+-------+-------++-------
Melee: Hand axe          |   113 |   149 |   231 |   325 ||   818
       Unarmed           |     1 |       |       |       ||     1
       Whip              |       |       |     1 |       ||     1
       Punch             |       |       |       |     2 ||     2
       Mace              |       |       |       |    11 ||    11
       Lajatang          |       |       |       |    10 ||    10
       Battleaxe         |       |       |       |     3 ||     3
Throw: Stone             |       |     4 |     1 |       ||     5
       Javelin           |       |       |     3 |     7 ||    10
 Cast: Sandblast         |    10 |     3 |       |       ||    13
Invok: Heroism           |       |       |     2 |     6 ||     8
Evoke: Wand              |       |       |       |     3 ||     3
       Deck              |       |       |       |     2 ||     2
  Use: Scroll            |     9 |     6 |     5 |     7 ||    27
       Potion            |     1 |       |     5 |     6 ||    12
 Stab: Sleeping          |     2 |     3 |     1 |     2 ||     8
       Invisible         |       |       |     4 |       ||     4
  Eat: Chunk             |    15 |    22 |    34 |    27 ||    98
Armor: Leather armour    |    51 |    35 |       |       ||    86
       Ring mail         |       |    24 |   115 |   103 ||   242
       Chain mail        |       |       |       |    28 ||    28
Dodge: Dodged            |    85 |    86 |   219 |   218 ||   608
